[Event "Live Chess"]
[Site "Chess.com"]
[Date "2023.05.20"]
[Round "-"]
[White "JoeRoot66"]
[Black "CameronM1234"]
[Result "1-0"]
[WhiteElo "1910"]
[BlackElo "1090"]
[TimeControl "300"]
[EndTime "15:14:32 PDT"]
[Termination "JoeRoot66 won by checkmate"]

1. e4 g6 2. d4 Bg7 3. Bc4 d6 4. Nf3 Nf6 5. Qe2 c6 6. O-O O-O 7. h3 Nbd7 8. e5 dxe5 9. dxe5 Ne8 10. e6 fxe6 11. Qxe6+ Kh8 12. Ng5 Nc5 13. Nf7+ Kg8 14. Nh6+ Kh8 15. Qg8+ Rxg8 16. Nf7# 1-0

[Event "Live Chess"]
[Site "Chess.com"]
[Date "2023.05.20"]
[Round "-"]
[White "TheSmoulderingMaster"]
[Black "Nazar_777"]
[Result "0-1"]
[WhiteElo "1714"]
[BlackElo "1626"]
[TimeControl "300"]
[EndTime "15:14:32 PDT"]
[Termination "Nazar_777 won by checkmate"]

1. e4 e6 2. d4 a6 3. Nc3 h5 4. Nf3 c5 5. Bf4 cxd4 6. Nxd4 Nc6 7. Be3 Nf6 8. Bc4 Qc7 9. Bb3 Be7 10. O-O b5 11.
Kh1 Ng4 12. Nxc6 Qxh2# 0-1

[Event "Live Chess"]
[Site "Chess.com"]
[Date "2023.05.20"]
[Round "-"]
[White "AbilifyXL"]
[Black "GMHarry-youtube"]
[Result "1/2-1/2"]
[WhiteElo "1973"]
[BlackElo "2030"]
[TimeControl "300"]
[EndTime "15:14:40 PDT"]
[Termination "Game drawn by stalemate"]

1. d4 Nf6 2. c4 g6 3. Nc3 d5 4. Nf3 Bg7 5. Bg5 O-O 6. Bxf6 Bxf6 7. cxd5 c6 8. dxc6 Nxc6 9. e3 e5 10. d5 Ne7 11. e4 Bg7 12. Be2 f5 13. Qb3 Kh8 14.
Bd3 f4 15. O-O h6 16. Rac1 g5 17. Rfd1 Ng6 18. Nb5 g4 19. Ne1 Qh4 20. Bf1 f3 21. g3 Qg5 22. Nc7 Rb8 23. Ne6 Bxe6 24. dxe6 h5 25. Rc7 h4 26. Rxb7 Rxb7 27. Qxb7 hxg3 28. hxg3 Nf4 29. e7 Re8 30. Rd8 Qh5 31. Qd7 Kh7 32.
Qxe8 Qxe8 33. Rxe8 Ng6 34. Bc4 Bf6 35. Ra8 Nxe7 36. Rxa7 Kg6 37. Be6 Nc6 38. Ra6 Nd4 39. Bxg4 Kg5 40. Bxf3 Bg7 41. Kg2 Bh6 42. Bd1 Bg7 43.
Nf3+ Nxf3 44. Bxf3 Bf8 45. a4 Bc5 46. Rc6 Bd6 47.
Rxd6 1/2-1/2

[Event "Live Chess"]
[Site "Chess.com"]
[Date "2023.05.20"]
[Round "-"]
[White "JbbChess726"]
[Black "ViktorTheCoolBoy"]
[Result "0-1"]
[WhiteElo "416"]
[BlackElo "2520"]
[TimeControl "300"]
[EndTime "15:14:41 PDT"]
[Termination "ViktorTheCoolBoy won by resignation"]

1. e4 e5 2. Nf3 Nc6 3. Bc4 Nf6 4.
Ng5 d5 5. exd5 Na5 6. b3 h6 7. Nf3 e4 8. Nd4 Nxd5 9. Bxd5 Qxd5 10. Ne2 Be7 11. Bb2 O-O 12. Ng3 Nc6 13. O-O g6 14. Re1 f5 15. Nc3 Qf7 16. Re3 f4 17. Rxe4 fxg3 18. fxg3 Bf5 19. Rh4 Bxh4 20. gxh4 Bxc2 0-1

[Event "Live Chess"]
[Site "Chess.com"]
[Date "2023.05.20"]
[Round "-"]
[White "Horseymobile"]
[Black "nigelst"]
[Result "0-1"]
[WhiteElo "1251"]
[BlackElo "1825"]
[TimeControl "300"]
[EndTime "15:14:48 PDT"]
[Termination "nigelst won on time"]

1. d4 Nf6 2. c4 e6 3. Nc3 Bb4 4. Qc2 c5 5. Nf3 Nc6 6. dxc5 Bxc5 7. Bg5 Qb6 8. e3 Nb4 9. Qd2 Be7 10. Na4 Qa5 11. Nc3 O-O 12. Be2 b6 13. O-O Bb7 14.
a3 Nc6 15. b4 Qf5 16. Bd3 Qg4 17. h3 Qh5 18. e4 Ne8 19. Be3 Ne5 20. Nxe5 Qxe5 21.
f4 Qc7 22. Qe2 Rc8 23. e5 f5 24. exf6 Nxf6 25. f5 Qc6 26. fxe6 dxe6 27. b5 Qd7 28.
Bg5 Rcd8 29. Rad1 Qc8 30. Bxf6 Bxf6 31. Qh5 g6 32. Bxg6 hxg6 33. Qxg6+ Bg7 34. Rxd8 Qc5+ 35. Kh2 Rxd8 36. Ne4 Bxe4 37. Qxe4 Qd6+ 38. Kh1 Qd4 39. Qxe6+ Kh8 40. Re1 Rf8 41. Qg4 Qf6 0-1

[Event "Live Chess"]
[Site "Chess.com"]
[Date "2023.05.20"]
[Round "-"]
[White "Conradical12"]
[Black "Singapourfeuj"]
[Result "0-1"]
[WhiteElo "1601"]
[BlackElo "2239"]
[TimeControl "300"]
[EndTime "15:15:00 PDT"]
[Termination "Singapourfeuj won by resignation"]

1. e4 e6 2. d4 d5 3. c4 dxe4 4. Nc3 Nf6 5. Bg5 Be7 6. f3 exf3 7. Nxf3 c5 8. dxc5 Qxd1+ 9. Rxd1 Nbd7 10. Nb5 O-O 11. Nc7 Rb8 12. Bf4 Nh5 13. Nxe6 Nxf4 14.
Nxf8 Nxf8 15. g3 N4e6 16. b4 a5 17. a3 axb4 18. axb4 Ra8 19. Bh3 g6 20. O-O Ra4 21. Rfe1 Rxb4 22. Nd4 Nxd4 23. Bxc8 Nf3+ 0-1

[Event "Live Chess"]
[Site "Chess.com"]
[Date "2023.05.20"]
[Round "-"]
[White "EdenHazard8"]
[Black "JoeyCage"]
[Result "0-1"]
[WhiteElo "2045"]
[BlackElo "2319"]
[TimeControl "300"]
[EndTime "15:15:05 PDT"]
[Termination "JoeyCage won by resignation"]

1. e4 c5 2. Nc3 Nc6 3. f4 a6 4.
Nf3 b5 5. g3 Bb7 6. Bg2 g6 7. O-O Bg7 8. d3 Nd4 9. Be3 Nxf3+ 10.
Qxf3 Rc8 11. Rab1 e6 12. Ne2 Ne7 13. c3 O-O 14. Qf2 Qc7 15. Bh3 f5 16. e5 d5 17. d4 c4 18. Rfc1 a5 19. b3 Bc6 20.
bxc4 dxc4 21. Bg2 Nd5 22. Bxd5 Bxd5 23. Rxb5 Ba8 24. Rcb1 Qc6 25. d5 exd5 26. Nd4 Qe8 27. Rxa5 Rb8 28. Nb5 Qc6 29. Bd4 Rfc8 30. Kg2 Bf8 31.
Na7 Qc7 32. Nxc8 Rxb1 33. Rxa8 Qb7 34. Nb6 Rxb6 35. Rxf8+ Kxf8 36. Bxb6 d4+ 37. Kg1 Qxb6 38. cxd4 c3 39. Qc2 Qxd4+ 40. Kf1 Qc4+ 41. Ke1 Qc6 42.
Ke2 Qc4+ 43. Ke1 Ke7 44. a4 Ke6 45. a5 Kd5 46. Qg2+ Kc5 47. Qf2+ Kb4 48. Qb6+ Ka3 49. Qb1 c2 50. Qc1+ Kb3 51. a6 Qxa6 52. Qe3+ Kb2 53.
Qd4+ Ka2 54. Qd5+ Kb1 55. Qb3+ Kc1 56. Qe3+ Kb2 57. Qd4+ Kb3 58. Qd5+ Kc3 59. Qc5+ Kb2 60. Qb4+ Kc1 61. Qd2+ Kb2 62. Qb4+ Ka2 63. Qc3 Qa4 64. Kd2 Kb1 65. e6 h6 66. Qc7 g5 67. e7 Qd4+ 68. Ke2 Qe4+ 69. Kf2 c1=Q 70. Qb6+ Qb2+ 71. Qxb2+ Kxb2 0-1

[Event "Live Chess"]
[Site "Chess.com"]
[Date "2023.05.20"]
[Round "-"]
[White "xx_blindpuffin_xx"]
[Black "Alan_Richardson"]
[Result "1-0"]
[WhiteElo "2212"]
[BlackElo "1672"]
[TimeControl "300"]
[EndTime "15:15:07 PDT"]
[Termination "xx_blindpuffin_xx won on time"]

1. d4 Nf6 2. Bf4 d6 3. e3 g6 4. Nf3 Bg7 5. h3 O-O 6. Be2 Re8 7. O-O Nbd7 8. c4 c6 9. Nc3 Qc7 10. Qc2 e5 11. dxe5 dxe5 12. Bh2 a5 13. Rad1 Nc5 14.
e4 Nfd7 15. b3 Ne6 16. Na4 Nf4 17. c5 b5 18. cxb6 Nxb6 19. Nc5 Nd7 20. Nd3 Nxe2+ 21.
Qxe2 Ba6 22. Qc2 Rac8 23. Rfe1 c5 24. Nd2 a4 25. Nb2 axb3 26. axb3 Nb6 27. Nbc4 Bh6 28. Nd6 Red8 29. Nxc8 Rxc8 30. Nc4 Nxc4 31. bxc4 Bb7 32. Bg3 Ra8 33. Kh2 Bf4 34. Ra1 Rd8 35. Red1 1-0

[Event "Live Chess"]
[Site "Chess.com"]
[Date "2023.05.20"]
[Round "-"]
[White "inspireyou"]
[Black "DaveL5678"]
[Result "1-0"]
[WhiteElo "1466"]
[BlackElo "1024"]
[TimeControl "300"]
[EndTime "15:15:07 PDT"]
[Termination "inspireyou won by checkmate"]

1. e4 e6 2. Bc4 d5 3. exd5 exd5 4. Bb3 Nf6 5. d4 c5 6. c3 c4 7. Bc2 Nc6 8. Bf4 Qe7+ 9. Ne2 Bg4 10. Nd2 h6 11. h3 Bd7 12. O-O O-O-O 13. Nf3 Re8 14. Ne5 Nxe5 15. Bxe5 Ne4 16. Ng3 Nxg3 17. Bxg3 Qf6 18.
Qd2 Bd6 19. Rae1 Bxg3 20. fxg3 Rxe1 21. Rxe1 Qd6 22. Qf4 Qxf4 23. gxf4 Re8 24. Rxe8+ Bxe8 25. f5 Bd7 26. Kf2 Kd8 27. Kf3 Ke7 28. Kf4 Kf6 29. g4 g5+ 30. fxg6 fxg6 31. Kf3 Kg5 32. Kg3 h5 33.
h4+ Kh6 34. g5+ Kg7 35. Kf4 Kf7 36. Ke5 Ke7 37. Bxg6 Bg4 38. Bf5 Bxf5 39. Kxf5 Kf7 40. g6+ Kg7 41. Kg5 b6 42. Kxh5 a6 43. Kg5 b5 44. h5 a5 45. h6+ Kh8 46. a3 b4 47.
axb4 axb4 48. Kf6 bxc3 49. Kf7 cxb2 50. g7+ Kh7 51. g8=Q+ Kxh6 52. Qg6# 1-0

[Event "Live Chess"]
[Site "Chess.com"]
[Date "2023.05.20"]
[Round "-"]
[White "McSlash1"]
[Black "Delacorta"]
[Result "1-0"]
[WhiteElo "2013"]
[BlackElo "1422"]
[TimeControl "300"]
[EndTime "15:15:10 PDT"]
[Termination "McSlash1 won by resignation"]

1. e4 e6 2. d4 d5 3. Nd2 b6 4. e5 Ba6 5. Bxa6 Nxa6 6. c3 Ne7 7. Qa4+ Qd7 8. Qxa6 b5 9. a4 Nc6 10. axb5 Nxd4 11.
cxd4 Qc8 12. Qc6+ Qd7 1-0

[Event "Live Chess"]
[Site "Chess.com"]
[Date "2023.05.20"]
[Round "-"]
[White "wot-not"]
[Black "Tushinskiy"]
[Result "0-1"]
[WhiteElo "1520"]
[BlackElo "2151"]
[TimeControl "300"]
[EndTime "15:15:13 PDT"]
[Termination "Tushinskiy won by resignation"]

1. d4 d5 2. c4 c6 3. cxd5 cxd5 4. Nc3 Nc6 5. Nf3 Nf6 6. Bg5 e6 7. e3 a6 8. Bd3 Be7 9. O-O b5 10. a3 Bb7 11. Qc2 Rc8 12. Rac1 h6 13. Bh4 O-O 14.
Qe2 Na5 15. Nd2 Nc4 16. Nxc4 dxc4 17. Bb1 Nd5 18. Bxe7 Nxe7 19. Qc2 f5 20. f3 Qb6 21. Ne2 Nd5 22. Qd2 Rcd8 23. Ng3 Nxe3 24. Qxe3 f4 25. Qf2 fxg3 26. hxg3 Qxd4 27. Qxd4 Rxd4 28. Rfe1 Kf7 29. Rc3 Rfd8 30. Rce3 R8d6 31. Kf1 Rd1 32. Kf2 Rxe1 33. Rxe1 Kf6 34. Be4 Bxe4 35. Rxe4 Rd3 36. f4 Rb3 37. Re2 a5 38. g4 b4 39. axb4 axb4 40. g3 g5 41. Rc2 c3 42. bxc3 Rxc3 43. Rb2 b3 44.
fxg5+ hxg5 45. Rb1 Ke5 46. Re1+ Kd5 47. Rd1+ Kc4 48.
Re1 b2 0-1

[Event "Live Chess"]
[Site "Chess.com"]
[Date "2023.05.20"]
[Round "-"]
[White "Hoogleboogle"]
[Black "elvenstar"]
[Result "0-1"]
[WhiteElo "1353"]
[BlackElo "1573"]
[TimeControl "300"]
[EndTime "15:15:25 PDT"]
[Termination "elvenstar won by checkmate"]

1. d4 Nf6 2. c4 d5 3. Nc3 e6 4.
Bf4 Bd6 5. Bg3 O-O 6. e3 b6 7.
Bd3 Nc6 8. cxd5 Nxd5 9. Nxd5 exd5 10. Qc2 Bb4+ 11. Ke2 Qf6 12. Bxh7+ Kh8 13. Bd3 Re8 14. Nf3 Nxd4+ 15. Nxd4 Qxd4 16. Bxc7 Bg4+ 17. Kf1 Qf6 18. h3 Bd7 19. h4 Rxe3 20. h5 Rae8 21. h6 Re1+ 22.
Rxe1 Rxe1# 0-1

[Event "Live Chess"]
[Site "Chess.com"]
[Date "2023.05.20"]
[Round "-"]
[White "omisoc"]
[Black "raminguy"]
[Result "1-0"]
[WhiteElo "2144"]
[BlackElo "1948"]
[TimeControl "300"]
[EndTime "15:15:46 PDT"]
[Termination "omisoc won by resignation"]

1. Nf3 Nf6 2. b3 e6 3. Bb2 d5 4. e3 Be7 5. c4 O-O 6. g3 a6 7.
Bg2 dxc4 8. bxc4 c5 9. O-O Nc6 10. Qe2 e5 11. Nxe5 Nxe5 12. Bxe5 Nd7 13. Bb2 Bf6 14.
Bxf6 Nxf6 15. Nc3 Rb8 16. h3 b6 17. a4 Be6 18. Rab1 Qd7 19. Rb2 Bxh3 20. Rfb1 Bxg2 21. Kxg2 Qc6+ 22. Qf3 Qd6 23. Qf4 Qd8 24. a5 b5 25.
cxb5 axb5 26. Rxb5 Rxb5 27. Rxb5 Qxd2 28. Rxc5 h6 29. Qd4 Qc2 30. Nd5 Qe4+ 31. Qxe4 Nxe4 32. Rc4 Nd6 33. Ra4 Ra8 34. a6 Nb5 35. Ra5 Nd6 36. Nb4 Nc8 37. Nc6 Kf8 38. a7 Ke8 39. Rb5 Rxa7 40. Nxa7 Nxa7 41. Rb8+ 1-0

[Event "Live Chess"]
[Site "Chess.com"]
[Date "2023.05.20"]
[Round "-"]
[White "mikkyb4"]
[Black "Daniel_Gliddon_FA"]
[Result "0-1"]
[WhiteElo "1002"]
[BlackElo "1322"]
[TimeControl "300"]
[EndTime "15:15:48 PDT"]
[Termination "Daniel_Gliddon_FA won by resignation"]

1. e4 d6 2. b3 Nf6 3. Nc3 g6 4. Bb2 Bg7 5. d4 O-O 6. Qf3 Bg4 7. Qg3 Qd7 8. Be2 Nh5 9. Qd3 Nf4 10. Qg3 Nxe2 11. Ngxe2 Bxe2 12. Nxe2 Qc6 13. Qd3 e5 14. d5 Qb6 15. h4 Nd7 16. h5 Nc5 17. Qh3 h6 18. O-O-O Nxe4 19. hxg6 fxg6 20. Qe6+ Kh7 21. Rxh6+ Bxh6+ 22. Kb1 Nd2+ 23. Ka1 Rxf2 24. Rh1 Rf1+ 25. Nc1 Rxh1 26. Qf7+ Bg7 0-1

[Event "Live Chess"]
[Site "Chess.com"]
[Date "2023.05.20"]
[Round "-"]
[White "Man-Del-Brot"]
[Black "Ferrarifan27"]
[Result "0-1"]
[WhiteElo "1122"]
[BlackElo "2063"]
[TimeControl "300"]
[EndTime "15:15:52 PDT"]
[Termination "Ferrarifan27 won by checkmate"]

1. g4 d5 2. Bg2 Bxg4 3. c4 Be6 4. Qb3 Bc8 5. cxd5 Nf6 6. Nc3 Na6 7. d4 g6 8. Nf3 Bg7 9. Bf4 O-O 10. h4 Rb8 11.
Qc2 Nxd5 12. Nxd5 Qxd5 13. Rg1 Bf5 14. Qc3 Rbc8 15. Rd1 Qxa2 16. b3 c5 17. Ra1 Qc2 18. Rc1 Qxc3+ 19. Rxc3 cxd4 20. Rxc8 Rxc8 21. Kd2 Rc2+ 22. Kd1 Rb2 23. Nd2 e5 24. Bh2 Bh6 25.
Nc4 Rb1# 0-1

[Event "Live Chess"]
[Site "Chess.com"]
[Date "2023.05.20"]
[Round "-"]
[White "Ed_Knox"]
[Black "Mikhail_Golubev"]
[Result "0-1"]
[WhiteElo "1441"]
[BlackElo "2505"]
[TimeControl "300"]
[EndTime "15:15:57 PDT"]
[Termination "Mikhail_Golubev won by checkmate"]

1. d4 g6 2. e4 Bg7 3. Nc3 b6 4. Be3 Bb7 5. Qd2 d6 6. O-O-O Nd7 7. h4 h5 8. f3 c5 9. d5 a6 10. g4 b5 11. gxh5 Rxh5 12. Be2 Qa5 13. Kb1 b4 14. f4 bxc3 15. Qd3 Qb4 16. Bc1 c4 17. Qg3 cxb2 18.
Bd2 c3 19. Be3 Ngf6 20. Bxh5 Nxh5 21. Qg5 Qxe4 22. Rh3 Ndf6 23. Ne2 Nxd5 24. Bb6 Qxe2 25. Rhd3 Nb4 26. Ba5 Qxc2# 0-1

[Event "Live Chess"]
[Site "Chess.com"]
[Date "2023.05.20"]
[Round "-"]
[White "lightningorderyt"]
[Black "LodeshChess"]
[Result "0-1"]
[WhiteElo "518"]
[BlackElo "1094"]
[TimeControl "300"]
[EndTime "15:15:59 PDT"]
[Termination "LodeshChess won by resignation"]

1. d4 Nf6 2. Nc3 d5 3. Bg5 e6 4.
Nf3 h6 5. Bxf6 Qxf6 6. e4 Bb4 7. e5 Qe7 8. Qd3 c5 9. a3 Ba5 10. Qb5+ Nc6 11. dxc5 Bxc3+ 12. bxc3 O-O 13. Qd3 Qxc5 14.
Qe3 Qxe3+ 15. fxe3 a6 16. c4 dxc4 17. Bxc4 b5 18.
O-O bxc4 19. Nd4 Nxd4 20. exd4 Bb7 21. a4 Bd5 22. c3 Rab8 0-1

[Event "Live Chess"]
[Site "Chess.com"]
[Date "2023.05.20"]
[Round "-"]
[White "Olisingapore"]
[Black "ShanthamGrarks"]
[Result "0-1"]
[WhiteElo "1863"]
[BlackElo "1920"]
[TimeControl "300"]
[EndTime "15:16:05 PDT"]
[Termination "ShanthamGrarks won on time"]

1. d4 e6 2. c4 f5 3. g3 Nf6 4. Bg2 c6 5. Nf3 d5 6. O-O Be7 7. Qc2 O-O 8. Nbd2 Nbd7 9. cxd5 cxd5 10. b3 Ne4 11. Bb2 Ndf6 12. Ne5 Nxd2 13. Qxd2 Ne4 14. Qc2 Bd7 15. Rfc1 Rc8 16. Qd3 a6 17. a4 Bc6 18.
f3 Nd6 19. Nxc6 bxc6 20. Rc3 a5 21. Rac1 Qd7 22. Ba3 Rfe8 23. Qa6 f4 24. Rxc6 Rxc6 25. Qxc6 Qxc6 26. Rxc6 Nf5 27. Bxe7 Rxe7 28. Ra6 Nxd4 29. Rxa5 Nxe2+ 30. Kf2 Nd4 31. b4 fxg3+ 32. hxg3 Nb3 33. Ra8+ Kf7 34. a5 Rb7 35. a6 Rxb4 36. f4 Ra4 37.
Bf3 Nc5 38. Be2 d4 39. Bb5 Ra5 40. a7 Ne4+ 41. Kg2 Nd6 42. Rd8 Nxb5 43. a8=Q Rxa8 44. Rxa8 Kf6 45. Rd8 Kf5 46. Kf3 h5 47. Rd7 g5 48.
fxg5 Kxg5 49. Rg7+ Kf6 50. Rb7 Nd6 51. Rb4 e5 52. g4 h4 53. Ke2 Kg5 54. Rb8 Kxg4 55. Rg8+ Kf4 56. Rf8+ Nf5 57. Rh8 Ke4 58. Rh5 d3+ 59.
Kd2 Kf4 60. Rh8 e4 0-1

[Event "Live Chess"]
[Site "Chess.com"]
[Date "2023.05.20"]
[Round "-"]
[White "Biranidun"]
[Black "blowerd"]
[Result "1-0"]
[WhiteElo "2766"]
[BlackElo "1415"]
[TimeControl "300"]
[EndTime "15:16:13 PDT"]
[Termination "Biranidun won by checkmate"]

1. e4 e5 2. Nf3 Nc6 3. Bb5 a6 4. Ba4 b5 5. Bb3 Nf6 6. O-O d6 7. Re1 Na5 8. d4 Nxb3 9. axb3 exd4 10. e5 dxe5 11. Nxe5 Be7 12. Nc6 Qd7 13. Nxe7 Bb7 14. Ng6+ Kd8 15. Nxh8 Qg4 16. Qxg4 Nxg4 17. Nxf7+ Kd7 18.
Ne5+ Nxe5 19. Rxe5 Rf8 20. Nd2 Rf6 21. Nf3 Rg6 22.
Rg5 Bxf3 23. Rxg6 hxg6 24. gxf3 Ke6 25. Rxa6+ Kf5 26. Rc6 g5 27. Rxc7 g6 28. Rc5+ Ke6 29. Bxg5 Kd6 30. Rxb5 Kc6 31. Re5 Kd6 32. Bf4 Kc6 33.
Re6+ Kd5 34. Rxg6 d3 35. cxd3 Kd4 36. h4 Kxd3 37. h5 Kc2 38. h6 Kxb2 39. h7 Kxb3 40. h8=Q Kc4 41. Rc6+ Kd5 42. Rd6+ Kc4 43. Qd4+ Kb5 44.
Rb6+ Ka5 45. Qb4# 1-0

[Event "Live Chess"]
[Site "Chess.com"]
[Date "2023.05.20"]
[Round "-"]
[White "Horseymobile"]
[Black "AbilifyXL"]
[Result "0-1"]
[WhiteElo "1251"]
[BlackElo "1973"]
[TimeControl "300"]
[EndTime "15:16:24 PDT"]
[Termination "AbilifyXL won by resignation"]

1. d4 d5 2. c4 c6 3. Nf3 Nf6 4. Nc3 a6 5. Bg5 e6 6. e3 b5 7. cxd5 cxd5 8. a3 Bb7 9. Bd3 Be7 10. O-O O-O 11. Qc2 h6 12. Bf4 Nc6 13. Ne5 Rc8 14.
Rac1 Na5 15. b3 Bxa3 16. Ra1 b4 0-1

[Event "Live Chess"]
[Site "Chess.com"]
[Date "2023.05.20"]
[Round "-"]
[White "HonestJoe1"]
[Black "JackCheetham1"]
[Result "1-0"]
[WhiteElo "2117"]
[BlackElo "1698"]
[TimeControl "300"]
[EndTime "15:16:29 PDT"]
[Termination "HonestJoe1 won on time"]

1. d4 Nf6 2. c4 e6 3. g3 d5 4. Bg2 c6 5. Nf3 Be7 6. O-O O-O 7. Qc2 Nbd7 8. Nbd2 Re8 9. e4 dxe4 10. Nxe4 Nxe4 11. Qxe4 Nf6 12. Qe2 h6 13. b3 Qc7 14. Bb2 b6 15.
Ne5 Bb7 16. Qf3 Rab8 17. Qe2 Nd7 18. Rad1 Rbd8 19. Qh5 Nxe5 20. dxe5 c5 21. Rxd8 Rxd8 22. Rd1 Bxg2 23. Kxg2 a6 24. Qf3 b5 25. cxb5 axb5 26.
Rxd8+ Qxd8 27. Qc6 Qd5+ 28. Qxd5 exd5 29. Kf3 g6 30. Ke3 Kf8 31. b4 Ke8 32. bxc5 Bxc5+ 33. Bd4 Be7 34. Bb6 Kd7 35. Kd4 Ke6 36. f4 Bb4 37.
Kd3 h5 38. h3 Be1 39. g4 hxg4 40. hxg4 Bg3 41. Be3 Be1 42. Kd4 Bb4 43. Bc1 Be7 44.
Bd2 Ba3 45. Kd3 Be7 46. Be3 Ba3 47. Kc3 b4+ 48. Kb3 Kd7 49. Bd2 Kc6 50. Bxb4 Bxb4 51. Kxb4 Kb6 52. a4 Kc6 53. a5 d4 54. Kc4 1-0

[Event "Live Chess"]
[Site "Chess.com"]
[Date "2023.05.20"]
[Round "-"]
[White "diana21strabt"]
[Black "LiamClery2020"]
[Result "1-0"]
[WhiteElo "1708"]
[BlackElo "2074"]
[TimeControl "300"]
[EndTime "15:16:29 PDT"]
[Termination "diana21strabt won by resignation"]

1. e4 Nf6 2. e5 Nd5 3. c4 Nb6 4. d4 d6 5. f4 dxe5 6. fxe5 Nc6 7. Be3 Bf5 8. Nf3 e6 9. Nc3 Be7 10. Be2 O-O 11. O-O f6 12. exf6 Bxf6 13. d5 exd5 14.
Nxd5 Nxd5 15. Qxd5+ Qxd5 16. cxd5 Nb4 17. Bc5 Nc2 18.
Bxf8 Nxa1 19. Bxg7 Bxg7 20. Rxa1 Re8 21. Bc4 Re4 22. Bb3 Kf8 23. Rc1 Re7 24. Nh4 Be4 25.
Rf1+ Ke8 26. Ba4+ c6 27. dxc6 bxc6 28. Rc1 Bxb2 29. Bxc6+ Kd8 30. Rd1+ Kc7 31. Bxe4 Rxe4 32. Nf3 Ba3 33. Rd3 Bc5+ 34. Kf1 Ra4 35. Rd2 Kb6 36. Ne5 Rf4+ 37. Nf3 h5 38. Rd3 Ra4 39.
Rd2 h4 40. h3 Rb4 41. Ke2 Re4+ 42. Kd1 Re3 43. Nxh4 Bb4 44. Rb2 Kc5 45. Nf5 Re1+ 46. Kc2 Re2+ 47. Kb3 Re5 48. Rc2+ Kb5 49. Nd4+ Ka5 50.
Nc6+ Kb6 1-0

[Event "Live Chess"]
[Site "Chess.com"]
[Date "2023.05.20"]
[Round "-"]
[White "lateforthesky"]
[Black "Shepherds_Pie"]
[Result "1-0"]
[WhiteElo "2092"]
[BlackElo "1922"]
[TimeControl "300"]
[EndTime "15:16:35 PDT"]
[Termination "lateforthesky won by checkmate"]

1. e4 e6 2. d4 d5 3. e5 c5 4. c3 Nc6 5. Nf3 Qb6 6. Bd3 Nh6 7. Bxh6 gxh6 8. Nbd2 Qxb2 9. O-O Qxc3 10. Bb5 Bd7 11.
Rc1 Qa5 12. Bxc6 Bxc6 13. Nb3 Qc7 14. dxc5 Bg7 15. Re1 O-O 16. Qd4 Qe7 17. Qg4 f5 18. Qf4 Qf7 19. Nbd4 Rae8 20. h4 Qh5 21. Nh2 Kh8 22. f3 Rg8 23. Rc2 Bf8 24. Kh1 Be7 25. g3 Qg6 26. Rg1 h5 27. Nf1 Bf8 28. Qe3 Bh6 29.
f4 a6 30. Nh2 Bf8 31. Nhf3 h6 32. Nxc6 bxc6 33. Rb2 Qf7 34. Rb6 Qc7 35. Kh2 Rg7 36. Rgb1 Be7 37. Qc3 Bd8 38. Nd4 Qf7 39. Rxc6 Bxh4 40.
gxh4 Qg6 41. Qf3 Reg8 42. Rxe6 Qg2+ 43. Qxg2 Rxg2+ 44. Kh1 R2g4 45. Nxf5 Rxf4 46. Rxh6# 1-0

[Event "Live Chess"]
[Site "Chess.com"]
[Date "2023.05.20"]
[Round "-"]
[White "Missedidea"]
[Black "WelshTiger"]
[Result "0-1"]
[WhiteElo "1733"]
[BlackElo "2389"]
[TimeControl "300"]
[EndTime "15:16:49 PDT"]
[Termination "WelshTiger won on time"]

1. d4 d5 2. c4 e6 3. Nc3 c5 4.
Nf3 Nc6 5. cxd5 exd5 6. g3 Nf6 7. Bg2 Be7 8. O-O O-O 9. Bg5 c4 10. Ne5 Be6 11. a3 h6 12. Bxf6 Bxf6 13. Nxc6 bxc6 14. e4 dxe4 15. Nxe4 Bxd4 16. Qc2 Qb6 17. Nc3 Rab8 18. Rad1 c5 19. Nd5 Qxb2 20. Qxc4 Qxa3 21. Rb1 Rxb1 22. Rxb1 Kh8 23. Qe2 Bf5 24. Rb7 Qa1+ 25.
Bf1 Bh3 26. Nf4 Bxf1 27. Qxf1 Qxf1+ 28. Kxf1 c4 29. Rc7 c3 30. Ne2 Bf6 31. Nxc3 Bxc3 32.
Rxc3 Ra8 33. Ra3 Kh7 34. Ra6 f6 35. Ke2 Kg6 36. h3 h5 37. f3 Kg5 38. Ke3 Re8+ 39.
Kd4 Re7 40. Ra5+ Kg6 41. Ra6 h4 42. g4 Kg5 43. Ra5+ Kf4 44. Ra3 Kg3 45. Kd5 Kxh3 46.
Kd6 Rb7 47. g5 Kg2 48. gxf6 gxf6 49. f4 h3 50. Ra2+ Kg3 51. f5 h2 52. Ra1 Rh7 53.
Ra3+ Kf4 54. Ra4+ Kxf5 55. Ra5+ Kg6 56. Ra1 h1=Q 0-1

[Event "Live Chess"]
[Site "Chess.com"]
[Date "2023.05.20"]
[Round "-"]
[White "TheSmoulderingMaster"]
[Black "nigelst"]
[Result "0-1"]
[WhiteElo "1708"]
[BlackElo "1831"]
[TimeControl "300"]
[EndTime "15:16:56 PDT"]
[Termination "nigelst won by resignation"]

1. e4 c6 2. d4 d5 3. Nc3 dxe4 4.
Nxe4 Nf6 5. Nxf6+ exf6 6. Bc4 Bd6 7. Nf3 O-O 8. O-O Re8 9. c3 Nd7 10. Nh4 g6 11. Qg4 Nb6 12. Bxf7+ Kxf7 13. Qd1 Qe7 14.
Bh6 Qe4 15. Qb3+ Be6 16. Qd1 Qxh4 0-1

[Event "Live Chess"]
[Site "Chess.com"]
[Date "2023.05.20"]
[Round "-"]
[White "KeithArkell"]
[Black "Cimon"]
[Result "1-0"]
[WhiteElo "2607"]
[BlackElo "1831"]
[TimeControl "300"]
[EndTime "15:17:02 PDT"]
[Termination "KeithArkell won by resignation"]

1. d4 Nf6 2. Nf3 g6 3. c4 Bg7 4. Nc3 d6 5. g3 O-O 6. Bg2 a6 7. O-O Nc6 8. a4 Rb8 9. h3 Na5 10. b3 c5 11. Be3 Qc7 12. Rc1 b6 13. Bg5 Bb7 14. d5 Bc8 15. e4 Re8 16. Re1 h6 17.
Bf4 Nh5 18. Bd2 Nb7 19. g4 Nf6 20. Bf4 Nh7 21. e5 dxe5 22. Nxe5 Nd6 23. Qd2 g5 24.
Bg3 f5 25. Nc6 f4 26. Nxb8 Qxb8 27. Bh2 Bd4 28. Ne2 Bg7 29. Nxf4 gxf4 30. Bxf4 b5 31. axb5 axb5 32. Bxh6 bxc4 33. Bxg7 Kxg7 34. bxc4 Qb4 35. Qxb4 cxb4 36. c5 Nb5 37. Rb1 1-0

[Event "Live Chess"]
[Site "Chess.com"]
[Date "2023.05.20"]
[Round "-"]
[White "GEMdzq"]
[Black "WilliamofOrange16th"]
[Result "1-0"]
[WhiteElo "2231"]
[BlackElo "1835"]
[TimeControl "300"]
[EndTime "15:17:03 PDT"]
[Termination "GEMdzq won by resignation"]

1. e4 d6 2. d4 Nf6 3. Nc3 Nbd7 4.
f4 e5 5. Nf3 exd4 6. Nxd4 g6 7.
Bc4 Bg7 8. O-O O-O 9. Bb3 Nc5 10.
e5 dxe5 11. fxe5 Ng4 12. Bf4 Nxb3 13. axb3 Nxe5 14. Ndb5 c6 15. Qxd8 Rxd8 16. Nc7 Rb8 17. Rxa7 Bf5 18. Re1 Ng4 19. Ne2 Be5 20. h3 Bxf4 21.
Nxf4 Nf6 22. b4 Rd7 23. Na8 Bxc2 24. Nb6 Rdd8 25. Re7 Rd1+ 26. Kh2 Rd2 27. Rexb7 Rxb7 28. Rxb7 Be4 29. h4 Rxb2 30. Nc4 Rc2 31. Nd6 Bd5 32. Nxd5 Nxd5 33. Nxf7 Nxb4 34. Nh6+ Kf8 35. Rxb4 c5 36. Rb7 c4 37. Ng4 c3 38. Rc7 Rc1 39. Ne3 h5 40.
Kg3 Ke8 41. Kf3 Kd8 42. Rc6 Kd7 43. Rxg6 Rh1 44. g3 Rh2 45. Rg5 c2 46. Nxc2 Rxc2 47. Rxh5 Rc4 48. Re5 Kd6 49. Re4 Rc1 50. Kf4 Rf1+ 51.
Kg5 Kd5 52. Re8 Kd6 53. h5 Kd7 54. Re2 1-0

[Event "Live Chess"]
[Site "Chess.com"]
[Date "2023.05.20"]
[Round "-"]
[White "CheckThis4"]
[Black "Stanbad1"]
[Result "0-1"]
[WhiteElo "2529"]
[BlackElo "2398"]
[TimeControl "300"]
[EndTime "15:17:14 PDT"]
[Termination "Stanbad1 won by resignation"]

1. c4 Nf6 2. Nc3 g6 3. e4 d6 4. d4 Bg7 5. Nge2 O-O 6. Ng3 c5 7. d5 h5 8. Be2 Na6 9. O-O Nc7 10. h3 Bd7 11. Bg5 a6 12. a4 b5 13. axb5 axb5 14. Rxa8 Qxa8 15. cxb5 Qa5 16. f4 Nxb5 17. e5 dxe5 18.
fxe5 Nxc3 19. bxc3 Nh7 20. Bxe7 Re8 21. d6 Bxe5 22.
Bc4 Qxc3 23. Bxf7+ Kh8 24. Ne2 Qe3+ 25. Kh1 Bc6 26.
Qb3 Qxe2 27. Rg1 Ra8 28. Bd5 c4 29. Qxc4 Qxc4 30. Bxc4 Ra3 31. Rd1 Rxh3+ 32. Kg1 Rg3 33. Bd5 Bd7 34. Kf2 Rg4 35. Rb1 Rd4 36. Rb8+ Kg7 37.
Rg8+ Kh6 38. Bf3 Bxd6 39. Bd8 Bc5 40. Kg3 Bg4 41. Bc7 Bxf3 42. gxf3 Bd6+ 43. Bxd6 Rxd6 44. Re8 Rf6 45. Re5 Ng5 46. f4 Nf7 47. Rd5 Nd6 0-1